Nordiques vs Bruins (R3)

Created - 26 septembre 2014 at 19:01

Goals
1 2 3 T
Nordiques 1 1 1 3
Bruins 0 2 2 4
Shots
1 2 3 T
Nordiques 15 9 14 38
Bruins 9 12 7 28

1st period

1. Nordiques , Paul Gaustad 1 (Miroslav Satan, Andrei Kostitsyn) at 7:04 (PP)

Penalties :
Colin Fraser (Que) for High sticking (Minor) at 2:39, Dave Bolland (Bos) for Hooking (Minor) at 6:40, Paul Gaustad (Que) for Hooking (Minor) at 7:24, Eric Lindros (Bos) for Interference (Minor) at 13:55

2nd period

2. Nordiques , Bryan McCabe 1 (Andrei Kostitsyn, Paul Gaustad) at 9:16 (PP)
3. Bruins , Vitali Yachmenev 1 (Wojtek Wolski, Eric Lindros) at 16:02
4. Bruins , Matt Hendricks 1 (Matt Cooke, Wojtek Wolski) at 18:35

Penalties :
Victor Oreskovich (Bos) for Delaying the game (Minor) at 2:08, Wojtek Wolski (Bos) for Tripping (Minor) at 9:08, Vitali Yachmenev (Bos) for Tripping (Minor) at 12:10, Miroslav Satan (Que) for Boarding (Minor) at 18:53

3rd period

5. Nordiques , Colin Fraser 1 (Mattias Weinhandl, Ryan Bayda) at 11:59
6. Bruins , Eric Lindros 1 (Wojtek Wolski) at 19:09
7. Bruins , Matt Cooke 1 (Matt Hendricks) at 19:50

Penalties :
Eric Lindros (Bos) for Close Hand On Puck (Minor) at 0:50, Matt Hendricks (Bos) for Tripping (Minor) at 4:28, Matt Hendricks (Bos) for Hooking (Minor) at 9:50, Jason Demers (Bos) for Holding (Minor) at 12:12, Zdeno Chara (Bos) for Holding (Minor) at 15:53, Jason Demers (Bos) for Tripping (Minor) at 16:40, Zdeno Chara (Bos) for Fighting (Major) at 18:58, Bryan McCabe (Que) for Fighting (Major) at 18:58

Goalie Stats

Jean-Sébastien Giguère (Que), 24 saves from 28 shots - (0,857), L, 0-3-0, 59:54 minutes
Evgeni Nabokov (Bos), 35 saves from 38 shots - (0,921), W, 2-0-0, 60:00 minutes

Players Stats for Nordiques

Player Name              G  A  P  +/- PIM S  H  SB GA TA FO     MP     PP MP  PK MP  
------------------------------------------------------------------------------------
Alexei Ponikarovsky      0  0  0   0  0   3  1  0  2  0  0/0     9:27   0:12   1:14 
Andrei Kostitsyn         0  2  2  -3  0   5  1  1  1  1  2/3    24:07   9:31   3:32 
Bryan McCabe             1  0  1   0  5   4  0  5  0  1  0/0    28:06  10:46   4:21 
Chris Pronger            0  0  0  -1  0   0  2  1  1  1  0/0    29:00  10:46   4:21 
Colin Fraser             1  0  1   1  2   1  0  0  0  0  8/12   11:24   0:22   1:26 
Jonathan Matsumoto       0  0  0   0  0   1  0  0  1  0  5/8     8:20   0:00   0:19 
Jordan Eberle            0  0  0  -1  0   4  0  0  0  0  0/0    15:40   7:26   0:00 
Jordan Leopold           0  0  0  -1  0   0  0  1  0  0  0/0    19:29   6:23   1:34 
Matt Ellison             0  0  0   0  0   0  1  0  0  0  1/1     8:15   0:22   0:00 
Matt Smaby               0  0  0  -1  0   1  4  1  0  1  0/0    19:29   6:23   1:34 
Mattias Weinhandl        0  1  1   1  0   3  0  0  0  0  0/0     9:21   0:00   0:00 
Miroslav Satan           0  1  1  -3  2   5  0  0  0  1  1/3    21:38   9:21   1:00 
Nick Schultz             0  0  0  -2  0   0  1  0  1  1  0/0    12:24   0:00   0:00 
Patrik Elias             0  0  0  -1  0   1  1  1  1  0  0/0    15:49   7:26   0:09 
Paul Gaustad             1  1  2  -3  2   4  2  0  0  0  28/50  23:25   9:21   2:53 
Ryan Bayda               0  1  1   1  0   1  1  0  0  0  0/0     9:21   0:00   0:00 
Tyler Arnason            0  0  0  -1  0   5  2  0  1  0  6/10   17:13   7:26   1:17 
William Colbert          0  0  0  -1  0   0  0  1  0  0  0/0    11:31   0:00   0:00 

Players Stats for Bruins

Player Name              G  A  P  +/- PIM S  H  SB GA TA FO     MP     PP MP  PK MP  
------------------------------------------------------------------------------------
Andrew Alberts           0  0  0   0  0   1  4  2  1  2  0/0    31:43   3:37  10:37 
Christoph Schubert       0  0  0   2  0   0  0  0  0  1  0/0     9:13   0:00   1:20 
Dave Bolland             0  0  0   0  2   4  1  0  1  1  5/15   14:28   0:00   5:52 
Eric Lindros             1  1  2   1  4   5  2  0  1  0  18/31  20:18   3:33   3:46 
Erik Condra              0  0  0   2  0   0  2  0  0  0  0/0     6:08   0:00   0:00 
Jason Demers             0  0  0   3  4   0  0  1  0  0  0/0    18:17   2:18   5:11 
Jeff Carter              0  0  0   0  0   2  4  1  0  0  5/13   12:24   2:21   0:39 
Mark Stuart              0  0  0   0  0   1  1  1  0  2  0/0    21:39   0:00  10:01 
Matt Cooke               1  1  2   1  0   2  0  0  0  0  0/0     9:18   0:00   2:35 
Matt Hendricks           1  1  2   1  4   4  0  0  0  0  6/21   13:57   0:00   7:31 
Richard Zednik           0  0  0   0  0   0  2  1  0  0  0/1     8:07   0:00   0:00 
Ryan O'Byrne             0  0  0   1  0   1  0  1  0  0  0/0    20:08   2:18   6:32 
Scott Hartnell           0  0  0   0  0   2  2  0  2  0  0/0    10:40   2:21   0:12 
Victor Oreskovich        0  0  0   0  2   0  1  0  0  0  0/0    11:53   2:17   0:00 
Viktor Stalberg          0  0  0   0  0   0  1  0  0  1  0/0     9:36   0:07   0:00 
Vitali Yachmenev         1  0  1   2  2   1  4  1  0  0  1/3    19:24   3:31   3:19 
Wojtek Wolski            0  3  3   2  2   4  4  1  1  0  1/3    24:55   3:34   9:01 
Zdeno Chara              0  0  0   0  7   1  1  1  0  1  0/0    19:17   3:37   0:47 

3 Stars

1 - Wojtek Wolski (Bos)
2 - Matt Cooke (Bos)
3 - Vitali Yachmenev (Bos)

Power Play

Nordiques - 2 on 11 Attempt(s) - 18,18%
Bruins - 0 on 3 Attempt(s) - 0,00%

Penalty Kill

Nordiques - 3 on 3 Attempt(s) - 100,00% - Score 0 goal in Penalty Kill
Bruins - 9 on 11 Attempt(s) - 81,82% - Score 0 goal in Penalty Kill

Official

Referees : VanMassenhoven Don and Furlatt Eric
Linesman : Derek Nansen and Steve Barton

Game Notes

10:27 of 3rd period - Nordiques goal is going for a video replay. After video review, No Goal. The referee deems the play has been stopped, even if he had not physically had the opportunity to stop play by blowing his whistle.
Zdeno Chara and Bryan McCabe fight to a draw at 18:58 of 3rd period

Finance

Level 1 -- Attendance: 3995 (66,58%) -- Ticket Income 395 505 $
Level 2 -- Attendance: 3684 (73,68%) -- Ticket Income 217 356 $
Level 3 -- Attendance: 2000 (100,00%) -- Ticket Income 58 000 $
Level 4 -- Attendance: 3543 (88,58%) -- Ticket Income 67 317 $
Luxury Box -- Attendance: 721 (72,10%) -- Ticket Income 136 269 $
Game was played at the TD Banknorth Garden
Total Attendance: 13943 (77,46%)
Total Ticket Income: 874 447 $
Other Income: 131 167 $
Total Income: 1 005 614 $

Nordiques

5 vs 5 Forward 
   Center                   Left Wing                Right Wing               Time % Phy DF OF 
 1 Paul Gaustad             Andrei Kostitsyn         Miroslav Satan           40     0   2  3  
 2 Tyler Arnason            Patrik Elias             Jordan Eberle            30     0   2  3  
 3 Colin Fraser             Ryan Bayda               Mattias Weinhandl        20     0   3  2  
 4 Jonathan Matsumoto       Alexei Ponikarovsky      Matt Ellison             10     1   2  2  

5 vs 5 Defense 
   Defense                  Defense                                           Time % Phy DF OF 
 1 Chris Pronger            Bryan McCabe                                      40     0   2  3  
 2 Jordan Leopold           Matt Smaby                                        30     0   2  3  
 3 Nick Schultz             William Colbert                                   20     0   3  2  
 4 Chris Pronger            Bryan McCabe                                      10     1   2  2  

PowerPlay Forward 
   Center                   Left Wing                Right Wing               Time % Phy DF OF 
 1 Paul Gaustad             Andrei Kostitsyn         Miroslav Satan           60     0   1  4  
 2 Tyler Arnason            Patrik Elias             Jordan Eberle            40     0   1  4  

PowerPlay Defense
   Defense                  Defense                                           Time % Phy DF OF 
 1 Chris Pronger            Bryan McCabe                                      60     0   2  1  
 2 Jordan Leopold           Matt Smaby                                        40     0   2  3  

Penalty Kill 4 Players Forward 
   Center                   Wing                     Time % Phy DF OF 
 1 Paul Gaustad             Andrei Kostitsyn         60     1   4  0  
 2 Colin Fraser             Miroslav Satan           40     1   4  0  

Penalty Kill 4 Players Defense
   Defense                  Defense                  Time % Phy DF OF 
 1 Chris Pronger            Bryan McCabe             60     1   4  0  
 2 Jordan Leopold           Matt Smaby               40     1   4  0  

Penalty Kill - 3 Players Forward 
   Forward                                           Time % Phy DF OF 
 1 Paul Gaustad                                      60     1   4  0  
 2 Miroslav Satan                                    40     1   4  0  

Penalty Kill - 3 Players Defense
   Defense                  Defense                  Time % Phy DF OF 
 1 Chris Pronger            Bryan McCabe             60     1   4  0  
 2 Jordan Leopold           Matt Smaby               40     1   4  0  

4 vs 4 Forward 
   Center                   Wing                     Time % Phy DF OF 
 1 Paul Gaustad             Andrei Kostitsyn         60     0   2  3  
 2 Tyler Arnason            Miroslav Satan           40     0   2  3  

4 vs 4 Defense
   Defense                  Defense                  Time % Phy DF OF 
 1 Chris Pronger            Bryan McCabe             60     1   2  2  
 2 Jordan Leopold           Matt Smaby               40     1   2  2  

Last Minutes Offensive
   Center                   Left Wing                Right Wing               Defense                  Defense                  
   Paul Gaustad             Andrei Kostitsyn         Miroslav Satan           Chris Pronger            Bryan McCabe             

Last Minutes Defensive
   Center                   Left Wing                Right Wing               Defense                  Defense                  
   Paul Gaustad             Andrei Kostitsyn         Miroslav Satan           Chris Pronger            Bryan McCabe             

Goaltenders
Starting : Jean-Sébastien Giguère   
Backup : Mike Smith               

Extra Forwards
Normal : Patrik Elias, Miroslav Satan, Jordan Eberle - PP : Patrik Elias, Jordan Eberle - PK : Colin Fraser
Extra Defensemen
Normal : Nick Schultz, William Colbert, Jordan Leopold - PP : Nick Schultz - PK : William Colbert, Jordan Leopold
Penalty Shots
Andrei Kostitsyn, Paul Gaustad, Jordan Eberle, Patrik Elias, Miroslav Satan

Bruins

5 vs 5 Forward 
   Center                   Left Wing                Right Wing               Time % Phy DF OF 
 1 Eric Lindros             Wojtek Wolski            Vitali Yachmenev         40     0   2  3  
 2 Jeff Carter              Viktor Stalberg          Victor Oreskovich        30     0   2  3  
 3 Dave Bolland             Scott Hartnell           Richard Zednik           20     1   2  2  
 4 Matt Hendricks           Matt Cooke               Erik Condra              10     1   2  2  

5 vs 5 Defense 
   Defense                  Defense                                           Time % Phy DF OF 
 1 Andrew Alberts           Zdeno Chara                                       40     1   2  2  
 2 Ryan O'Byrne             Mark Stuart                                       30     1   2  2  
 3 Jason Demers             Christoph Schubert                                20     1   2  2  
 4 Andrew Alberts           Jason Demers                                      10     1   2  2  

PowerPlay Forward 
   Center                   Left Wing                Right Wing               Time % Phy DF OF 
 1 Eric Lindros             Wojtek Wolski            Vitali Yachmenev         60     0   2  3  
 2 Jeff Carter              Scott Hartnell           Victor Oreskovich        40     0   2  3  

PowerPlay Defense
   Defense                  Defense                                           Time % Phy DF OF 
 1 Andrew Alberts           Zdeno Chara                                       60     0   2  3  
 2 Ryan O'Byrne             Jason Demers                                      40     0   2  3  

Penalty Kill 4 Players Forward 
   Center                   Wing                     Time % Phy DF OF 
 1 Matt Hendricks           Wojtek Wolski            60     1   2  2  
 2 Eric Lindros             Vitali Yachmenev         40     1   2  2  

Penalty Kill 4 Players Defense
   Defense                  Defense                  Time % Phy DF OF 
 1 Andrew Alberts           Mark Stuart              60     1   2  2  
 2 Ryan O'Byrne             Jason Demers             40     1   2  2  

Penalty Kill - 3 Players Forward 
   Forward                                           Time % Phy DF OF 
 1 Matt Hendricks                                    60     1   2  2  
 2 Wojtek Wolski                                     40     1   2  2  

Penalty Kill - 3 Players Defense
   Defense                  Defense                  Time % Phy DF OF 
 1 Andrew Alberts           Mark Stuart              60     1   2  2  
 2 Ryan O'Byrne             Jason Demers             40     1   2  2  

4 vs 4 Forward 
   Center                   Wing                     Time % Phy DF OF 
 1 Eric Lindros             Wojtek Wolski            60     1   2  2  
 2 Jeff Carter              Scott Hartnell           40     1   2  2  

4 vs 4 Defense
   Defense                  Defense                  Time % Phy DF OF 
 1 Andrew Alberts           Zdeno Chara              60     1   2  2  
 2 Ryan O'Byrne             Mark Stuart              40     1   2  2  

Last Minutes Offensive
   Center                   Left Wing                Right Wing               Defense                  Defense                  
   Eric Lindros             Wojtek Wolski            Vitali Yachmenev         Andrew Alberts           Zdeno Chara              

Last Minutes Defensive
   Center                   Left Wing                Right Wing               Defense                  Defense                  
   Eric Lindros             Wojtek Wolski            Vitali Yachmenev         Andrew Alberts           Zdeno Chara              

Goaltenders
Starting : Evgeni Nabokov           
Backup : Karri Ramo               

Extra Forwards
Normal : Jeff Carter, Wojtek Wolski, Eric Lindros - PP : Viktor Stalberg, Victor Oreskovich - PK : Dave Bolland
Extra Defensemen
Normal : Jason Demers, Christoph Schubert, Ryan O'Byrne - PP : Jason Demers - PK : Christoph Schubert, Ryan O'Byrne
Penalty Shots
Eric Lindros, Wojtek Wolski, Viktor Stalberg, Jeff Carter, Scott Hartnell

% Time on Ice - Nordiques

Lines # - Real PCT - Wanted PCT - Time Play
Normal Forward
1 - 29% - 40% - 10:39
2 - 23% - 30% - 8:30
3 - 26% - 20% - 9:21
4 - 22% - 10% - 7:53
Normal Defense
1 - 37% - 40% - 13:26
2 - 31% - 30% - 11:26
3 - 32% - 20% - 11:31
4 - 0% - 10% - 0:00
PP Forward
1 - 57% - 60% - 9:43
2 - 43% - 40% - 7:26
PP Defense
1 - 63% - 60% - 10:46
2 - 37% - 40% - 6:23
PK Forward
1 - 74% - 60% - 4:24
2 - 26% - 40% - 1:31
PK Defense
1 - 74% - 60% - 4:21
2 - 26% - 40% - 1:34
PK3 Forward
1 - 0% - 60%
2 - 0% - 40%
PK3 Defense
1 - 0% - 60%
2 - 0% - 40%
44 Forward
1 - 100% - 60% - 0:02
2 - 0% - 40% - 0:00
44 Defense
1 - 100% - 60% - 0:02
2 - 0% - 40% - 0:00
Last Minute Offensive  - 0:09
Last Minute Defensive  - 0:22
Total
Forward - 60:00
Defense - 60:00

% Time on Ice - Bruins

Lines # - Real PCT - Wanted PCT - Time Play
Normal Forward
1 - 34% - 40% - 12:23
2 - 27% - 30% - 9:45
3 - 22% - 20% - 8:07
4 - 17% - 10% - 6:08
Normal Defense
1 - 44% - 40% - 15:54
2 - 31% - 30% - 11:18
3 - 20% - 20% - 7:07
4 - 6% - 10% - 2:04
PP Forward
1 - 60% - 60% - 3:34
2 - 40% - 40% - 2:21
PP Defense
1 - 61% - 60% - 3:37
2 - 39% - 40% - 2:18
PK Forward
1 - 75% - 60% - 11:56
2 - 25% - 40% - 4:01
PK Defense
1 - 62% - 60% - 9:56
2 - 38% - 40% - 6:01
PK3 Forward
1 - 100% - 60% - 1:12
2 - 0% - 40% - 0:00
PK3 Defense
1 - 57% - 60% - 0:41
2 - 43% - 40% - 0:31
44 Forward
1 - 100% - 60% - 0:02
2 - 0% - 40% - 0:00
44 Defense
1 - 100% - 60% - 0:02
2 - 0% - 40% - 0:00
Last Minute Offensive  - 0:22
Last Minute Defensive  - 0:09
Total
Forward - 60:00
Defense - 60:00

Play by Play

1st period


0:01 of 1st period - Paul Gaustad wins face-off versus Eric Lindros in neutral zone.
0:08 of 1st period - Snap shot by Miroslav Satan.
0:08 of 1st period - Stopped by Evgeni Nabokov with a rebound.
0:26 of 1st period - Tyler Arnason is hit by Zdeno Chara and loses puck.
0:45 of 1st period - Slapshot by Matt Hendricks.
0:45 of 1st period - Stopped by Jean-Sébastien Giguère without a rebound.
0:46 of 1st period - Colin Fraser wins face-off versus Matt Hendricks in Nordiques zone.
1:13 of 1st period - Richard Zednik is hit by Matt Ellison and loses puck.
1:44 of 1st period - Slapshot by Eric Lindros.
1:44 of 1st period - Deflect By Vitali Yachmenev.
1:44 of 1st period - Shot Misses the Net.
1:44 of 1st period - Puck is out of play.
1:45 of 1st period - Jeff Carter wins face-off versus Andrei Kostitsyn in Nordiques zone.
1:54 of 1st period - Snap shot by Jeff Carter.
1:54 of 1st period - Stopped by Jean-Sébastien Giguère without a rebound.
1:55 of 1st period - Jeff Carter wins face-off versus Paul Gaustad in Nordiques zone.
2:12 of 1st period - Snap shot by Miroslav Satan.
2:12 of 1st period - Stopped by Evgeni Nabokov with a rebound.
2:19 of 1st period - Icing by Jason Demers.
2:20 of 1st period - Jeff Carter wins face-off versus Colin Fraser in Bruins zone.
2:37 of 1st period - Wrist shot by Jeff Carter.
2:37 of 1st period - Shot Blocked by Matt Smaby.
2:39 of 1st period - Minor Penalty to Colin Fraser for High sticking.
2:40 of 1st period - Eric Lindros wins face-off versus Paul Gaustad in Nordiques zone.
2:41 of 1st period - Wrist shot by Wojtek Wolski.
2:41 of 1st period - Shot Blocked by Bryan McCabe.
2:43 of 1st period - Snap shot by Wojtek Wolski.
2:43 of 1st period - Shot Misses the Net.
2:45 of 1st period - Wrist shot by Vitali Yachmenev.
2:45 of 1st period - Shot Misses the Net.
2:47 of 1st period - Wrist shot by Zdeno Chara.
2:47 of 1st period - Shot Blocked by Bryan McCabe.
2:49 of 1st period - Wrist shot by Eric Lindros.
2:49 of 1st period - Stopped by Jean-Sébastien Giguère with a rebound.
2:51 of 1st period - Wrist shot by Vitali Yachmenev.
2:51 of 1st period - Deflect By Wojtek Wolski.
2:51 of 1st period - Shot Misses the Net.
2:51 of 1st period - Puck is out of play.
2:52 of 1st period - Eric Lindros wins face-off versus Paul Gaustad in Nordiques zone.
3:01 of 1st period - Snap shot by Eric Lindros.
3:01 of 1st period - Deflect By Bryan McCabe.
3:01 of 1st period - Shot Blocked by Bryan McCabe.
3:01 of 1st period - Puck is out of play.
3:02 of 1st period - Eric Lindros wins face-off versus Paul Gaustad in Nordiques zone.
3:03 of 1st period - Snap shot by Wojtek Wolski.
3:03 of 1st period - Shot Hit the Post.
3:05 of 1st period - Snap shot by Vitali Yachmenev.
3:05 of 1st period - Shot Misses the Net.
3:07 of 1st period - Wrist shot by Wojtek Wolski.
3:07 of 1st period - Shot Misses the Net.
3:09 of 1st period - Slapshot by Andrew Alberts.
3:09 of 1st period - Deflect By Paul Gaustad.
3:09 of 1st period - Stopped by Jean-Sébastien Giguère with a rebound.
3:49 of 1st period - Slapshot by Eric Lindros.
3:49 of 1st period - Stopped by Jean-Sébastien Giguère without a rebound.
3:50 of 1st period - Jeff Carter wins face-off versus Tyler Arnason in Nordiques zone.
3:59 of 1st period - Snap shot by Jeff Carter.
3:59 of 1st period - Shot Misses the Net.
4:39 of 1st period - Penalty to Colin Fraser is over, Colin Fraser is back on ice.
4:47 of 1st period - William Colbert is hit by Erik Condra and loses puck.
4:54 of 1st period - Snap shot by Matt Hendricks.
4:54 of 1st period - Stopped by Jean-Sébastien Giguère without a rebound.
4:55 of 1st period - Jonathan Matsumoto wins face-off versus Dave Bolland in Nordiques zone.
5:06 of 1st period - Slapshot by Alexei Ponikarovsky.
5:06 of 1st period - Deflect By Matt Ellison.
5:06 of 1st period - Shot Blocked by Richard Zednik.
5:06 of 1st period - Puck is out of play.
5:07 of 1st period - Colin Fraser wins face-off versus Eric Lindros in Bruins zone.
5:15 of 1st period - Off-side.
5:16 of 1st period - Colin Fraser wins face-off versus Eric Lindros in neutral zone.
5:43 of 1st period - Chris Pronger is hit by Vitali Yachmenev and loses puck.
5:48 of 1st period - Wrist shot by Wojtek Wolski.
5:48 of 1st period - Shot Misses the Net.
5:58 of 1st period - Snap shot by Wojtek Wolski.
5:58 of 1st period - Stopped by Jean-Sébastien Giguère without a rebound.
5:59 of 1st period - Paul Gaustad wins face-off versus Dave Bolland in Nordiques zone.
6:06 of 1st period - Snap shot by Andrei Kostitsyn.
6:06 of 1st period - Shot Blocked by Ryan O'Byrne.
6:08 of 1st period - Slapshot by Jordan Leopold.
6:08 of 1st period - Deflect By Paul Gaustad.
6:08 of 1st period - Stopped by Evgeni Nabokov without a rebound.
6:09 of 1st period - Paul Gaustad wins face-off versus Dave Bolland in Bruins zone.
6:40 of 1st period - Minor Penalty to Dave Bolland for Hooking.
6:41 of 1st period - Tyler Arnason wins face-off versus Wojtek Wolski in Bruins zone.
6:53 of 1st period - Wrist shot by Chris Pronger.
6:53 of 1st period - Shot Blocked by Mark Stuart.
6:55 of 1st period - Wrist shot by Tyler Arnason.
6:55 of 1st period - Stopped by Evgeni Nabokov without a rebound.
6:56 of 1st period - Paul Gaustad wins face-off versus Matt Hendricks in Bruins zone.
7:04 of 1st period - Snap shot by Paul Gaustad.
7:04 of 1st period - Goal by Paul Gaustad - Nordiques : 1 - Bruins : 0.
7:05 of 1st period - Tyler Arnason wins face-off versus Eric Lindros in neutral zone.
7:08 of 1st period - Jason Demers is hit by Tyler Arnason and loses puck.
7:15 of 1st period - Snap shot by Jordan Eberle.
7:15 of 1st period - Stopped by Evgeni Nabokov with a rebound.
7:17 of 1st period - Snap shot by Tyler Arnason.
7:17 of 1st period - Stopped by Evgeni Nabokov without a rebound.
7:18 of 1st period - Eric Lindros wins face-off versus Paul Gaustad in Bruins zone.
7:24 of 1st period - Minor Penalty to Paul Gaustad for Hooking.
7:25 of 1st period - Eric Lindros wins face-off versus Colin Fraser in Nordiques zone.
7:52 of 1st period - Andrei Kostitsyn is hit by Victor Oreskovich and loses puck.
8:47 of 1st period - Jordan Leopold is hit by Jeff Carter and loses puck.
9:24 of 1st period - Penalty to Paul Gaustad is over, Paul Gaustad is back on ice.
9:26 of 1st period - Bryan McCabe is hit by Wojtek Wolski and loses puck.
10:00 of 1st period - Icing by Nick Schultz.
10:01 of 1st period - Paul Gaustad wins face-off versus Matt Hendricks in Nordiques zone.
10:06 of 1st period - Snap shot by Miroslav Satan.
10:06 of 1st period - Deflect By Andrei Kostitsyn.
10:06 of 1st period - Stopped by Evgeni Nabokov without a rebound.
10:07 of 1st period - Jonathan Matsumoto wins face-off versus Matt Hendricks in Bruins zone.
10:43 of 1st period - Slapshot by Ryan Bayda.
10:43 of 1st period - Deflect By Mattias Weinhandl.
10:43 of 1st period - Shot Blocked by Jason Demers.
10:43 of 1st period - Puck is out of play.
10:44 of 1st period - Eric Lindros wins face-off versus Paul Gaustad in Bruins zone.
11:10 of 1st period - Tyler Arnason is hit by Jeff Carter and loses puck.
12:14 of 1st period - Victor Oreskovich is hit by Alexei Ponikarovsky and loses puck.
12:29 of 1st period - Wrist shot by Alexei Ponikarovsky.
12:29 of 1st period - Shot Misses the Net.
12:55 of 1st period - Wrist shot by Alexei Ponikarovsky.
12:55 of 1st period - Shot Misses the Net.
13:18 of 1st period - Slapshot by Zdeno Chara.
13:18 of 1st period - Shot Blocked by Jordan Leopold.
13:24 of 1st period - Matt Cooke is hit by Matt Smaby.
13:32 of 1st period - Snap shot by Alexei Ponikarovsky.
13:32 of 1st period - Stopped by Evgeni Nabokov without a rebound.
13:33 of 1st period - Paul Gaustad wins face-off versus Eric Lindros in Bruins zone.
13:44 of 1st period - Slapshot by Andrei Kostitsyn.
13:44 of 1st period - Shot Misses the Net.
13:46 of 1st period - Snap shot by Andrei Kostitsyn.
13:46 of 1st period - Stopped by Evgeni Nabokov without a rebound.
13:47 of 1st period - Tyler Arnason wins face-off versus Eric Lindros in Bruins zone.
13:50 of 1st period - Snap shot by Patrik Elias.
13:50 of 1st period - Stopped by Evgeni Nabokov with a rebound.
13:55 of 1st period - Minor Penalty to Eric Lindros for Interference.
13:56 of 1st period - Wojtek Wolski wins face-off versus Paul Gaustad in Bruins zone.
14:23 of 1st period - Bryan McCabe is hit by Andrew Alberts and loses puck.
15:34 of 1st period - Icing by Matt Smaby.
15:35 of 1st period - Matt Hendricks wins face-off versus Paul Gaustad in Nordiques zone.
15:55 of 1st period - Penalty to Eric Lindros is over, Eric Lindros is back on ice.
16:06 of 1st period - Snap shot by Alexei Ponikarovsky.
16:06 of 1st period - Stopped by Evgeni Nabokov without a rebound.
16:07 of 1st period - Matt Ellison wins face-off versus Jeff Carter in Bruins zone.
16:34 of 1st period - William Colbert is hit by Wojtek Wolski and loses puck.
17:03 of 1st period - Paul Gaustad is hit by Richard Zednik and loses puck.
17:16 of 1st period - Slapshot by Bryan McCabe.
17:16 of 1st period - Stopped by Evgeni Nabokov without a rebound.
17:17 of 1st period - Colin Fraser wins face-off versus Jeff Carter in Bruins zone.
17:20 of 1st period - Snap shot by Ryan Bayda.
17:20 of 1st period - Shot Misses the Net.
17:22 of 1st period - Wrist shot by Colin Fraser.
17:22 of 1st period - Shot Misses the Net.
17:24 of 1st period - Wrist shot by Matt Smaby.
17:24 of 1st period - Stopped by Evgeni Nabokov without a rebound.
17:25 of 1st period - Eric Lindros wins face-off versus Paul Gaustad in Bruins zone.
17:50 of 1st period - Snap shot by Jordan Leopold.
17:50 of 1st period - Shot Misses the Net.
17:56 of 1st period - Snap shot by Patrik Elias.
17:56 of 1st period - Shot Misses the Net.
18:36 of 1st period - Wrist shot by Wojtek Wolski.
18:36 of 1st period - Stopped by Jean-Sébastien Giguère without a rebound.
18:37 of 1st period - Paul Gaustad wins face-off versus Eric Lindros in Nordiques zone.
19:08 of 1st period - Snap shot by Jordan Eberle.
19:08 of 1st period - Stopped by Evgeni Nabokov without a rebound.
19:09 of 1st period - Tyler Arnason wins face-off versus Jeff Carter in Bruins zone.
19:14 of 1st period - Wrist shot by Victor Oreskovich.
19:14 of 1st period - Shot Misses the Net.
19:42 of 1st period - Snap shot by Dave Bolland.
19:42 of 1st period - Stopped by Jean-Sébastien Giguère with a rebound.
Goals for this period are 1 for Nordiques vs 0 for Bruins.
Shots for this period are 15 for Nordiques vs 9 for Bruins.

2nd period


0:01 of 2nd period - Paul Gaustad wins face-off versus Vitali Yachmenev in neutral zone.
0:26 of 2nd period - Andrew Alberts is hit by Ryan Bayda and loses puck.
1:11 of 2nd period - Snap shot by Alexei Ponikarovsky.
1:11 of 2nd period - Stopped by Evgeni Nabokov without a rebound.
1:12 of 2nd period - Dave Bolland wins face-off versus Jonathan Matsumoto in Bruins zone.
1:19 of 2nd period - William Colbert is hit by Dave Bolland and loses puck.
2:08 of 2nd period - Minor Penalty to Victor Oreskovich for Delaying the game.
2:09 of 2nd period - Paul Gaustad wins face-off versus Matt Hendricks in Bruins zone.
2:43 of 2nd period - Snap shot by Tyler Arnason.
2:43 of 2nd period - Stopped by Evgeni Nabokov without a rebound.
2:44 of 2nd period - Matt Hendricks wins face-off versus Tyler Arnason in Bruins zone.
2:44 of 2nd period - Matt Hendricks is hit by Matt Smaby.
3:47 of 2nd period - Patrik Elias is hit by Andrew Alberts and loses puck.
4:08 of 2nd period - Penalty to Victor Oreskovich is over, Victor Oreskovich is back on ice.
4:10 of 2nd period - Slapshot by Andrew Alberts.
4:10 of 2nd period - Shot Misses the Net.
4:22 of 2nd period - Snap shot by Mattias Weinhandl.
4:22 of 2nd period - Stopped by Evgeni Nabokov without a rebound.
4:23 of 2nd period - Jeff Carter wins face-off versus Colin Fraser in Bruins zone.
4:29 of 2nd period - Icing by William Colbert.
4:30 of 2nd period - Colin Fraser wins face-off versus Jeff Carter in Nordiques zone.
4:55 of 2nd period - Slapshot by Paul Gaustad.
4:55 of 2nd period - Shot Blocked by Vitali Yachmenev.
5:01 of 2nd period - Slapshot by Andrei Kostitsyn.
5:01 of 2nd period - Shot Misses the Net.
5:16 of 2nd period - Off-side.
5:17 of 2nd period - Matt Hendricks wins face-off versus Tyler Arnason in neutral zone.
6:10 of 2nd period - Snap shot by Mattias Weinhandl.
6:10 of 2nd period - Stopped by Evgeni Nabokov with a rebound.
6:12 of 2nd period - Wrist shot by Ryan Bayda.
6:12 of 2nd period - Shot Blocked by Jeff Carter.
6:24 of 2nd period - Wrist shot by Dave Bolland.
6:24 of 2nd period - Stopped by Jean-Sébastien Giguère without a rebound.
6:25 of 2nd period - Jonathan Matsumoto wins face-off versus Dave Bolland in Nordiques zone.
6:32 of 2nd period - Snap shot by Alexei Ponikarovsky.
6:32 of 2nd period - Shot Misses the Net.
6:55 of 2nd period - Icing by Matt Smaby.
6:56 of 2nd period - Eric Lindros wins face-off versus Jonathan Matsumoto in Nordiques zone.
6:57 of 2nd period - Slapshot by Wojtek Wolski.
6:57 of 2nd period - Shot Hit the Post.
7:08 of 2nd period - Wrist shot by Jonathan Matsumoto.
7:08 of 2nd period - Stopped by Evgeni Nabokov without a rebound.
7:09 of 2nd period - Eric Lindros wins face-off versus Paul Gaustad in Bruins zone.
7:59 of 2nd period - Wrist shot by Zdeno Chara.
7:59 of 2nd period - Stopped by Jean-Sébastien Giguère with a rebound.
8:01 of 2nd period - Snap shot by Zdeno Chara.
8:01 of 2nd period - Deflect By Dave Bolland.
8:01 of 2nd period - Stopped by Jean-Sébastien Giguère with a rebound.
8:03 of 2nd period - Snap shot by Scott Hartnell.
8:03 of 2nd period - Stopped by Jean-Sébastien Giguère without a rebound.
8:04 of 2nd period - Paul Gaustad wins face-off versus Richard Zednik in Nordiques zone.
8:30 of 2nd period - Scott Hartnell is hit by Matt Smaby and loses puck.
8:45 of 2nd period - Snap shot by Dave Bolland.
8:45 of 2nd period - Stopped by Jean-Sébastien Giguère without a rebound.
8:46 of 2nd period - Miroslav Satan wins face-off versus Eric Lindros in Nordiques zone.
8:46 of 2nd period - Miroslav Satan is hit by Andrew Alberts.
9:08 of 2nd period - Minor Penalty to Wojtek Wolski for Tripping.
9:09 of 2nd period - Paul Gaustad wins face-off versus Matt Hendricks in Bruins zone.
9:14 of 2nd period - Slapshot by Andrei Kostitsyn.
9:14 of 2nd period - Shot Misses the Net.
9:16 of 2nd period - Slapshot by Bryan McCabe.
9:16 of 2nd period - Deflect By Matt Hendricks.
9:16 of 2nd period - Goal by Bryan McCabe - Nordiques : 2 - Bruins : 0.
9:17 of 2nd period - Paul Gaustad wins face-off versus Eric Lindros in neutral zone.
10:02 of 2nd period - Slapshot by Bryan McCabe.
10:02 of 2nd period - Stopped by Evgeni Nabokov without a rebound.
10:03 of 2nd period - Colin Fraser wins face-off versus Dave Bolland in Bruins zone.
10:04 of 2nd period - Wrist shot by Mattias Weinhandl.
10:04 of 2nd period - Shot Misses the Net.
10:10 of 2nd period - Slapshot by Mark Stuart.
10:10 of 2nd period - Deflect By Scott Hartnell.
10:10 of 2nd period - Shot Misses the Net.
10:10 of 2nd period - Puck is out of play.
10:11 of 2nd period - Eric Lindros wins face-off versus Paul Gaustad in Nordiques zone.
10:18 of 2nd period - Wrist shot by Eric Lindros.
10:18 of 2nd period - Stopped by Jean-Sébastien Giguère with a rebound.
10:47 of 2nd period - Slapshot by Tyler Arnason.
10:47 of 2nd period - Shot Misses the Net.
11:07 of 2nd period - Wrist shot by Mattias Weinhandl.
11:07 of 2nd period - Deflect By Ryan Bayda.
11:07 of 2nd period - Stopped by Evgeni Nabokov with a rebound.
11:21 of 2nd period - Snap shot by Matt Cooke.
11:21 of 2nd period - Shot Blocked by Chris Pronger.
11:45 of 2nd period - Slapshot by Eric Lindros.
11:45 of 2nd period - Stopped by Jean-Sébastien Giguère without a rebound.
11:46 of 2nd period - Tyler Arnason wins face-off versus Eric Lindros in Nordiques zone.
11:46 of 2nd period - Tyler Arnason is hit by Vitali Yachmenev.
11:58 of 2nd period - Backhand shot by Mark Stuart.
11:58 of 2nd period - Shot Misses the Net.
12:10 of 2nd period - Minor Penalty to Vitali Yachmenev for Tripping.
12:11 of 2nd period - Andrei Kostitsyn wins face-off versus Matt Hendricks in Bruins zone.
12:36 of 2nd period - Andrew Alberts is hit by Chris Pronger and loses puck.
14:10 of 2nd period - Penalty to Vitali Yachmenev is over, Vitali Yachmenev is back on ice.
14:14 of 2nd period - Off-side.
14:15 of 2nd period - Colin Fraser wins face-off versus Jeff Carter in neutral zone.
15:14 of 2nd period - Slapshot by Mark Stuart.
15:14 of 2nd period - Shot Misses the Net.
15:16 of 2nd period - Slapshot by Mark Stuart.
15:16 of 2nd period - Stopped by Jean-Sébastien Giguère without a rebound.
15:17 of 2nd period - Paul Gaustad wins face-off versus Vitali Yachmenev in Nordiques zone.
15:17 of 2nd period - Paul Gaustad is hit by Vitali Yachmenev.
15:27 of 2nd period - Andrew Alberts is hit by Paul Gaustad and loses puck.
15:54 of 2nd period - Wrist shot by Mattias Weinhandl.
15:54 of 2nd period - Stopped by Evgeni Nabokov without a rebound.
15:55 of 2nd period - Eric Lindros wins face-off versus Paul Gaustad in Bruins zone.
16:02 of 2nd period - Wrist shot by Vitali Yachmenev.
16:02 of 2nd period - Goal by Vitali Yachmenev - Nordiques : 2 - Bruins : 1.
16:03 of 2nd period - Eric Lindros wins face-off versus Miroslav Satan in neutral zone.
16:28 of 2nd period - Patrik Elias is hit by Jeff Carter.
16:58 of 2nd period - Wrist shot by Ryan O'Byrne.
16:58 of 2nd period - Shot Blocked by Patrik Elias.
17:00 of 2nd period - Wrist shot by Matt Cooke.
17:00 of 2nd period - Shot Misses the Net.
17:02 of 2nd period - Slapshot by Matt Hendricks.
17:02 of 2nd period - Stopped by Jean-Sébastien Giguère without a rebound.
17:03 of 2nd period - Eric Lindros wins face-off versus Paul Gaustad in Nordiques zone.
17:10 of 2nd period - Snap shot by Eric Lindros.
17:10 of 2nd period - Shot Blocked by Andrei Kostitsyn.
17:51 of 2nd period - Snap shot by Dave Bolland.
17:51 of 2nd period - Shot Misses the Net.
18:35 of 2nd period - Snap shot by Matt Cooke.
18:35 of 2nd period - Deflect By Matt Hendricks.
18:35 of 2nd period - Goal by Matt Hendricks - Nordiques : 2 - Bruins : 2.
18:36 of 2nd period - Eric Lindros wins face-off versus Paul Gaustad in neutral zone.
18:51 of 2nd period - Snap shot by Wojtek Wolski.
18:51 of 2nd period - Stopped by Jean-Sébastien Giguère with a rebound.
18:53 of 2nd period - Minor Penalty to Miroslav Satan for Boarding.
18:54 of 2nd period - Eric Lindros wins face-off versus Paul Gaustad in Nordiques zone.
19:39 of 2nd period - Vitali Yachmenev is hit by Paul Gaustad and loses puck.
Goals for this period are 1 for Nordiques vs 2 for Bruins.
Shots for this period are 9 for Nordiques vs 12 for Bruins.

3rd period


0:01 of 3rd period - Eric Lindros wins face-off versus Paul Gaustad in neutral zone.
0:13 of 3rd period - Slapshot by Andrew Alberts.
0:13 of 3rd period - Shot Misses the Net.
0:15 of 3rd period - Snap shot by Eric Lindros.
0:15 of 3rd period - Shot Blocked by Bryan McCabe.
0:25 of 3rd period - Jeff Carter is hit by Chris Pronger and loses puck.
0:32 of 3rd period - Chris Pronger is hit by Scott Hartnell and loses puck.
0:47 of 3rd period - Wrist shot by Andrei Kostitsyn.
0:47 of 3rd period - Stopped by Evgeni Nabokov without a rebound.
0:48 of 3rd period - Eric Lindros wins face-off versus Colin Fraser in Bruins zone.
0:50 of 3rd period - Minor Penalty to Eric Lindros for Close Hand On Puck.
0:51 of 3rd period - Paul Gaustad wins face-off versus Jeff Carter in Bruins zone.
0:51 of 3rd period - Slapshot by Andrei Kostitsyn.
0:51 of 3rd period - Stopped by Evgeni Nabokov without a rebound.
0:52 of 3rd period - Paul Gaustad wins face-off versus Jeff Carter in Bruins zone.
0:53 of 3rd period - Penalty to Miroslav Satan is over, Miroslav Satan is back on ice.
1:21 of 3rd period - Wrist shot by Andrei Kostitsyn.
1:21 of 3rd period - Shot Misses the Net.
1:23 of 3rd period - Wrist shot by Andrei Kostitsyn.
1:23 of 3rd period - Shot Blocked by Wojtek Wolski.
2:01 of 3rd period - Wrist shot by Jordan Eberle.
2:01 of 3rd period - Shot Misses the Net.
2:46 of 3rd period - Off-side.
2:47 of 3rd period - Paul Gaustad wins face-off versus Dave Bolland in neutral zone.
2:50 of 3rd period - Penalty to Eric Lindros is over, Eric Lindros is back on ice.
3:04 of 3rd period - Snap shot by Jeff Carter.
3:04 of 3rd period - Stopped by Jean-Sébastien Giguère without a rebound.
3:05 of 3rd period - Jonathan Matsumoto wins face-off versus Wojtek Wolski in Nordiques zone.
3:05 of 3rd period - William Colbert is hit by Eric Lindros and loses puck.
4:00 of 3rd period - Snap shot by Richard Zednik.
4:00 of 3rd period - Shot Misses the Net.
4:02 of 3rd period - Backhand shot by Ryan O'Byrne.
4:02 of 3rd period - Stopped by Jean-Sébastien Giguère with a rebound.
4:28 of 3rd period - Minor Penalty to Matt Hendricks for Tripping.
4:29 of 3rd period - Paul Gaustad wins face-off versus Dave Bolland in Bruins zone.
6:28 of 3rd period - Penalty to Matt Hendricks is over, Matt Hendricks is back on ice.
6:46 of 3rd period - Wrist shot by Ryan Bayda.
6:46 of 3rd period - Shot Blocked by Zdeno Chara.
6:52 of 3rd period - William Colbert is hit by Jeff Carter and loses puck.
7:05 of 3rd period - Scott Hartnell is hit by Nick Schultz and loses puck.
7:32 of 3rd period - Jeff Carter is hit by Matt Smaby and loses puck.
7:45 of 3rd period - Slapshot by Dave Bolland.
7:45 of 3rd period - Shot Misses the Net.
7:47 of 3rd period - Slapshot by Scott Hartnell.
7:47 of 3rd period - Shot Blocked by Bryan McCabe.
8:18 of 3rd period - Jordan Leopold is hit by Richard Zednik and loses puck.
9:26 of 3rd period - Colin Fraser is hit by Wojtek Wolski and loses puck.
9:36 of 3rd period - Icing by Ryan Bayda.
9:37 of 3rd period - Paul Gaustad wins face-off versus Matt Hendricks in Nordiques zone.
9:37 of 3rd period - Paul Gaustad is hit by Erik Condra.
9:50 of 3rd period - Minor Penalty to Matt Hendricks for Hooking.
9:51 of 3rd period - Dave Bolland wins face-off versus Miroslav Satan in Bruins zone.
10:25 of 3rd period - Backhand shot by Patrik Elias.
10:25 of 3rd period - Shot Misses the Net.
10:27 of 3rd period - Snap shot by Tyler Arnason.
10:27 of 3rd period - Nordiques goal is going for a video replay.
10:27 of 3rd period - The goal is refused. The referee deems the play has been stopped, even if he had not physically had the opportunity to stop play by blowing his whistle..
10:28 of 3rd period - Paul Gaustad wins face-off versus Dave Bolland in Bruins zone.
10:31 of 3rd period - Wrist shot by Paul Gaustad.
10:31 of 3rd period - Deflect By Dave Bolland.
10:31 of 3rd period - Shot Misses the Net.
10:31 of 3rd period - Puck is out of play.
10:32 of 3rd period - Andrei Kostitsyn wins face-off versus Dave Bolland in Bruins zone.
10:57 of 3rd period - Eric Lindros is hit by Tyler Arnason and loses puck.
11:06 of 3rd period - Snap shot by Jordan Eberle.
11:06 of 3rd period - Stopped by Evgeni Nabokov without a rebound.
11:07 of 3rd period - Dave Bolland wins face-off versus Paul Gaustad in Bruins zone.
11:07 of 3rd period - Dave Bolland is hit by Andrei Kostitsyn.
11:39 of 3rd period - Wrist shot by Patrik Elias.
11:39 of 3rd period - Shot Blocked by Andrew Alberts.
11:41 of 3rd period - Slapshot by Bryan McCabe.
11:41 of 3rd period - Stopped by Evgeni Nabokov with a rebound.
11:43 of 3rd period - Slapshot by Chris Pronger.
11:43 of 3rd period - Shot Misses the Net.
11:50 of 3rd period - Penalty to Matt Hendricks is over, Matt Hendricks is back on ice.
11:57 of 3rd period - Snap shot by Mattias Weinhandl.
11:57 of 3rd period - Shot Blocked by Andrew Alberts.
11:59 of 3rd period - Snap shot by Colin Fraser.
11:59 of 3rd period - Goal by Colin Fraser - Nordiques : 3 - Bruins : 2.
12:00 of 3rd period - Eric Lindros wins face-off versus Paul Gaustad in neutral zone.
12:05 of 3rd period - Snap shot by Wojtek Wolski.
12:05 of 3rd period - Shot Misses the Net.
12:12 of 3rd period - Minor Penalty to Jason Demers for Holding.
12:13 of 3rd period - Paul Gaustad wins face-off versus Matt Hendricks in Bruins zone.
12:19 of 3rd period - Paul Gaustad is hit by Mark Stuart and loses puck.
12:40 of 3rd period - Bryan McCabe is hit by Wojtek Wolski and loses puck.
14:12 of 3rd period - Penalty to Jason Demers is over, Jason Demers is back on ice.
14:25 of 3rd period - Slapshot by Victor Oreskovich.
14:25 of 3rd period - Shot Misses the Net.
14:39 of 3rd period - Wrist shot by Scott Hartnell.
14:39 of 3rd period - Stopped by Jean-Sébastien Giguère without a rebound.
14:40 of 3rd period - Dave Bolland wins face-off versus Jonathan Matsumoto in Nordiques zone.
14:55 of 3rd period - William Colbert is hit by Andrew Alberts and loses puck.
15:10 of 3rd period - Wrist shot by Eric Lindros.
15:10 of 3rd period - Shot Blocked by William Colbert.
15:12 of 3rd period - Slapshot by Wojtek Wolski.
15:12 of 3rd period - Stopped by Jean-Sébastien Giguère with a rebound.
15:17 of 3rd period - Icing by William Colbert.
15:18 of 3rd period - Jonathan Matsumoto wins face-off versus Jeff Carter in Nordiques zone.
15:18 of 3rd period - Jonathan Matsumoto is hit by Viktor Stalberg.
15:53 of 3rd period - Minor Penalty to Zdeno Chara for Holding.
15:54 of 3rd period - Matt Hendricks wins face-off versus Paul Gaustad in Bruins zone.
16:27 of 3rd period - Wrist shot by Tyler Arnason.
16:27 of 3rd period - Stopped by Evgeni Nabokov without a rebound.
16:28 of 3rd period - Paul Gaustad wins face-off versus Matt Hendricks in Bruins zone.
16:37 of 3rd period - Wrist shot by Andrei Kostitsyn.
16:37 of 3rd period - Stopped by Evgeni Nabokov without a rebound.
16:38 of 3rd period - Matt Hendricks wins face-off versus Paul Gaustad in Bruins zone.
16:40 of 3rd period - Minor Penalty to Jason Demers for Tripping.
16:41 of 3rd period - Paul Gaustad wins face-off versus Matt Hendricks in Bruins zone.
16:45 of 3rd period - Snap shot by Paul Gaustad.
16:45 of 3rd period - Stopped by Evgeni Nabokov without a rebound.
16:46 of 3rd period - Matt Hendricks wins face-off versus Paul Gaustad in Bruins zone.
17:11 of 3rd period - Andrew Alberts is hit by Patrik Elias and loses puck.
17:23 of 3rd period - Icing by Jordan Eberle.
17:24 of 3rd period - Dave Bolland wins face-off versus Tyler Arnason in Nordiques zone.
17:53 of 3rd period - Penalty to Zdeno Chara is over, Zdeno Chara is back on ice.
18:03 of 3rd period - Wrist shot by Miroslav Satan.
18:03 of 3rd period - Stopped by Evgeni Nabokov without a rebound.
18:04 of 3rd period - Paul Gaustad wins face-off versus Matt Hendricks in Bruins zone.
18:07 of 3rd period - Snap shot by Miroslav Satan.
18:07 of 3rd period - Stopped by Evgeni Nabokov without a rebound.
18:08 of 3rd period - Paul Gaustad wins face-off versus Matt Hendricks in Bruins zone.
18:15 of 3rd period - Snap shot by Miroslav Satan.
18:15 of 3rd period - Deflect By Paul Gaustad.
18:15 of 3rd period - Stopped by Evgeni Nabokov without a rebound.
18:16 of 3rd period - Paul Gaustad wins face-off versus Matt Hendricks in Bruins zone.
18:40 of 3rd period - Penalty to Jason Demers is over, Jason Demers is back on ice.
18:47 of 3rd period - Wrist shot by Jordan Eberle.
18:47 of 3rd period - Stopped by Evgeni Nabokov without a rebound.
18:48 of 3rd period - Randy Carlyle call a timeout for Bruins.
18:48 of 3rd period - Paul Gaustad wins face-off versus Eric Lindros in Bruins zone.
18:53 of 3rd period - Snap shot by Miroslav Satan.
18:53 of 3rd period - Stopped by Evgeni Nabokov without a rebound.
18:54 of 3rd period - Vitali Yachmenev wins face-off versus Paul Gaustad in Bruins zone.
18:58 of 3rd period - Zdeno Chara and Bryan McCabe fight to a draw.
18:58 of 3rd period - Penalty to Zdeno Chara for Fighting.
18:58 of 3rd period - Penalty to Bryan McCabe for Fighting.
18:59 of 3rd period - Paul Gaustad wins face-off versus Eric Lindros in neutral zone.
18:59 of 3rd period - Paul Gaustad is hit by Vitali Yachmenev.
19:04 of 3rd period - Andrei Kostitsyn is hit by Eric Lindros and loses puck.
19:09 of 3rd period - Bruins, Evgeni Nabokov is pulled from the net.
19:09 of 3rd period - Snap shot by Eric Lindros.
19:09 of 3rd period - Goal by Eric Lindros - Nordiques : 3 - Bruins : 3.
19:09 of 3rd period - Evgeni Nabokov from Bruins was sent back in the game.
19:10 of 3rd period - Colin Fraser wins face-off versus Dave Bolland in neutral zone.
19:15 of 3rd period - Ryan Bayda is hit by Scott Hartnell and loses puck.
19:42 of 3rd period - Slapshot by Matt Cooke.
19:42 of 3rd period - Stopped by Jean-Sébastien Giguère without a rebound.
19:43 of 3rd period - Tyler Arnason wins face-off versus Matt Hendricks in Nordiques zone.
19:50 of 3rd period - Wrist shot by Matt Cooke.
19:50 of 3rd period - Goal by Matt Cooke - Nordiques : 3 - Bruins : 4.
19:51 of 3rd period - Paul Gaustad wins face-off versus Eric Lindros in neutral zone.
19:54 of 3rd period - Nordiques, Jean-Sébastien Giguère is pulled from the net.
19:56 of 3rd period - Wrist shot by Paul Gaustad.
19:56 of 3rd period - Shot Misses the Net.
Goals for this period are 1 for Nordiques vs 2 for Bruins.
Shots for this period are 14 for Nordiques vs 7 for Bruins.


Output by the SimonT Hockey Simulator (STHS) for François Prévost -- Original Page W3C XHTML 1.0 Valid
Hockey Simulator - Hockey Simulation - Hockey Manager